| TOP OF THE 1ST |
|
Bristol Pirates batting - Pitching for San Francisco (APP) Giants : RHP Dan Giles
|
|
Pitching: RHP Dan Giles
|
|
|
Batting: SHB Don Hauk
|
0-0: Ball 1-0: Called Strike 1-1: Ball 2-1: Ground out 6-3 (Groundball, 6S, EV 85.6 MPH)
|
|
Batting: LHB Randy Boone
|
0-0: Foul Ball, location: 2F 0-1: Foul Ball, location: 2F 0-2: Ball 1-2: Ball 2-2: Fly out, F8 (Flyball, 78S, EV 95.0 MPH)
|
|
Batting: RHB Randy Bergman
|
0-0: Foul Ball, location: 2F 0-1: Foul Ball, location: 2F 0-2: Ball 1-2: Ground out 5-3 (Groundball, 56, EV 108.1 MPH)
|
| Top of the 1st over - 0 runs, 0 hits, 0 errors, 0 left on base; Bristol 0 - San Francisco (APP) 0 |
| BOTTOM OF THE 1ST |
|
San Francisco (APP) Giants batting - Pitching for Bristol Pirates : RHP Jerry Spitler
|
|
Pitching: RHP Jerry Spitler
|
|
|
Batting: RHB Frank Pena
|
0-0: SINGLE (Groundball, 56S, EV 66.2 MPH) (infield hit)
|
|
Batting: RHB Coen Dirks
|
0-0: Called Strike 0-1: Ball 1-1: Foul Ball, location: 2F 1-2: Ball 2-2: Ball 3-2: Base on Balls Frank Pena to second
|
|
Batting: RHB Edwin Verdugo
|
0-0: Fly out, F5 (Popup, 25F, EV 81.9 MPH)
|
|
Batting: RHB Troy Trice
|
0-0: Ball 1-0: Swinging Strike 1-1: Ball 2-1: Ball 3-1: Foul Ball, location: 2F 3-2: Base on Balls Frank Pena to third Coen Dirks to second
|
|
Batting: RHB Brian Rogers
|
0-0: Ball 1-0: Ball 2-0: Ball 3-0: Base on Balls Frank Pena scores Coen Dirks to third Troy Trice to second
|
|
Batting: RHB Jason Gregor
|
0-0: Swinging Strike 0-1: Ball 1-1: Ball Wild Pitch! Coen Dirks scores Troy Trice to third Brian Rogers to second 2-1: Foul Ball, location: 2F 2-2: Ball 3-2: Base on Balls
|
|
Pitching: RHP Onne Stubbe
|
|
|
Batting: RHB Ryan Bentz
|
0-0: Called Strike 0-1: SINGLE (Groundball, 56, EV 84.4 MPH) (infield hit) Troy Trice scores Brian Rogers to third Jason Gregor to second
|
|
Batting: RHB Bob Schweiger
|
0-0: Ball 1-0: Ball 2-0: Called Strike 2-1: Foul Ball, location: 2F 2-2: Strikes out swinging
|
|
Batting: RHB Alexis Andrade
|
0-0: Foul Ball, location: 2F 0-1: Foul Ball, location: 2F 0-2: Ball 1-2: Foul Ball, location: 2F 1-2: Ball 2-2: Foul Ball, location: 2F 2-2: Ball 3-2: Foul Ball, location: 2F 3-2: Base on Balls Brian Rogers scores Jason Gregor to third Ryan Bentz to second
|
|
Batting: RHB Frank Pena
|
0-0: Ball 1-0: Fielders Choice at 2nd, 5-4 (Groundball, 5, EV 80.0 MPH)
|
| Bottom of the 1st over - 4 runs, 2 hits, 0 errors, 3 left on base; Bristol 0 - San Francisco (APP) 4 |
| TOP OF THE 2ND |
|
Bristol Pirates batting - Pitching for San Francisco (APP) Giants : RHP Dan Giles
|
|
Batting: RHB Gilberto Victoria
|
0-0: Called Strike 0-1: DOUBLE (Groundball, 5L, EV 106.2 MPH)
|
|
Batting: RHB Pete Hutton
|
0-0: Ball 1-0: Ball 2-0: Foul Ball, location: 2F 2-1: Ball 3-1: Base on Balls
|
|
Batting: RHB Frank Elizondo
|
0-0: Called Strike 0-1: Called Strike 0-2: Ball 1-2: Strikes out swinging
|
|
Batting: RHB Alain Marquet
|
0-0: Grounds into double play, 4-6-3 (Groundball, 4M, EV 84.4 MPH)
|
| Top of the 2nd over - 0 runs, 1 hit, 0 errors, 1 left on base; Bristol 0 - San Francisco (APP) 4 |
| BOTTOM OF THE 2ND |
|
San Francisco (APP) Giants batting - Pitching for Bristol Pirates : RHP Onne Stubbe
|
|
Batting: RHB Coen Dirks
|
0-0: Ball 1-0: Ball 2-0: SINGLE (Groundball, 56D, EV 97.5 MPH)
|
|
Batting: RHB Edwin Verdugo
|
0-0: Called Strike 0-1: Ball Wild Pitch! Coen Dirks to second 1-1: Ball 2-1: Foul Ball, location: 2F 2-2: Strikes out swinging
|
|
Batting: RHB Troy Trice
|
0-0: Called Strike 0-1: Ball 1-1: Called Strike 1-2: Ball Wild Pitch! Coen Dirks to third 2-2: SINGLE (Line Drive, 8LS, EV 88.8 MPH) Coen Dirks scores
|
|
Batting: RHB Brian Rogers
|
0-0: Swinging Strike 0-1: Foul Ball, location: 2F 0-2: Ball 1-2: Ball 2-2: 2-RUN HOME RUN (Flyball, 9LD, EV 95.6 MPH), Distance : 350 ft
|
|
Batting: RHB Jason Gregor
|
0-0: Called Strike 0-1: Ball 1-1: Foul Ball, location: 2F 1-2: Ball 2-2: Foul Ball, location: 2F 2-2: Ball 3-2: Base on Balls
|
|
Batting: RHB Ryan Bentz
|
0-0: Ball 1-0: Ball 2-0: Called Strike 2-1: Ball 3-1: Base on Balls Jason Gregor to second
|
|
Batting: RHB Bob Schweiger
|
0-0: Called Strike 0-1: Ball 1-1: Ball 2-1: Ball 3-1: 3-RUN HOME RUN (Flyball, 7D, EV 100.0 MPH), Distance : 384 ft
|
|
Pitching: RHP Andrew DeRicco
|
|
|
Batting: RHB Alexis Andrade
|
0-0: Ball 1-0: Ball 2-0: Foul Ball, location: 2F 2-1: Ball 3-1: Called Strike 3-2: SINGLE (Line Drive, 5D, EV 95.0 MPH)
|
|
Batting: RHB Frank Pena
|
0-0: Ball 1-0: SINGLE (Line Drive, 5D, EV 98.1 MPH) Alexis Andrade to second
|
|
Batting: RHB Coen Dirks
|
0-0: Ball 1-0: Ball 2-0: Ball 3-0: Base on Balls Alexis Andrade to third Frank Pena to second
|
|
Batting: RHB Edwin Verdugo
|
0-0: SINGLE (Groundball, 56D, EV 97.5 MPH) Alexis Andrade scores Frank Pena to third Coen Dirks to second
|
|
Batting: RHB Troy Trice
|
0-0: Called Strike 0-1: Ball 1-1: Foul Ball, location: 2F 1-2: Ball Wild Pitch! Frank Pena scores Coen Dirks to third Edwin Verdugo to second 2-2: Foul Ball, location: 2F 2-2: Fly out, F8 (Flyball, 78D, EV 92.5 MPH) Runner from 3rd tags up, SCORES, no throw by CF
|
|
Pitching: RHP Ronnie Brooks
|
|
|
Batting: RHB Brian Rogers
|
0-0: Foul Ball, location: 2F 0-1: Ball 1-1: Foul Ball, location: 2F 1-2: SINGLE (Groundball, 56D, EV 106.2 MPH) - runner OUT being hit by batted ball. (infield hit)
|
| Bottom of the 2nd over - 9 runs, 8 hits, 0 errors, 1 left on base; Bristol 0 - San Francisco (APP) 13 |
| TOP OF THE 3RD |
|
Bristol Pirates batting - Pitching for San Francisco (APP) Giants : RHP Dan Giles
|
|
Batting: RHB Rob Colley
|
0-0: Ball 1-0: Fly out, F4 (Popup, 4, EV 51.9 MPH)
|
|
Batting: RHB Erik Mulligan
|
0-0: SINGLE (Groundball, 4MD, EV 101.2 MPH)
|
|
Batting: SHB Don Hauk
|
0-0: Ball 1-0: Ball Erik Mulligan steals 2nd base 2-0: Called Strike 2-1: Foul Ball, location: 2F 2-2: Ball 3-2: Foul Ball, location: 2F 3-2: Foul Ball, location: 2F 3-2: Ground out U3 (Groundball, 3, EV 87.5 MPH) Erik Mulligan to third
|
|
Batting: LHB Randy Boone
|
0-0: Ground out 5-3 (Groundball, 56S, EV 90.0 MPH)
|
| Top of the 3rd over - 0 runs, 1 hit, 0 errors, 1 left on base; Bristol 0 - San Francisco (APP) 13 |
| BOTTOM OF THE 3RD |
|
San Francisco (APP) Giants batting - Pitching for Bristol Pirates : RHP Ronnie Brooks
|
|
Batting: RHB Jason Gregor
|
0-0: Fly out, F8 (Flyball, 89M, EV 97.5 MPH)
|
|
Batting: RHB Ryan Bentz
|
0-0: Called Strike 0-1: Ball 1-1: Ball 2-1: Foul Ball, location: 2F 2-2: Ball 3-2: Foul Ball, location: 2F 3-2: SINGLE (Groundball, 4M, EV 97.5 MPH) (infield hit)
|
|
Batting: RHB Bob Schweiger
|
0-0: Swinging Strike 0-1: Grounds into double play, 4-6-3 (Groundball, 4, EV 105.0 MPH)
|
| Bottom of the 3rd over - 0 runs, 1 hit, 0 errors, 0 left on base; Bristol 0 - San Francisco (APP) 13 |
| TOP OF THE 4TH |
|
Bristol Pirates batting - Pitching for San Francisco (APP) Giants : RHP Dan Giles
|
|
Batting: RHB Randy Bergman
|
0-0: Foul Ball, location: 2F 0-1: Foul Ball, location: 2F 0-2: Ball 1-2: Ground out 5-3 (Groundball, 56, EV 93.1 MPH)
|
|
Batting: RHB Gilberto Victoria
|
0-0: Ball 1-0: Ball 2-0: Ball 3-0: Base on Balls
|
|
Batting: RHB Pete Hutton
|
0-0: Ball 1-0: Foul Ball, location: 2F 1-1: Swinging Strike 1-2: Fielders Choice at 2nd, 4-6 (Groundball, 34, EV 108.8 MPH)
|
|
Batting: RHB Frank Elizondo
|
0-0: Called Strike 0-1: Swinging Strike 0-2: Ball Pete Hutton steals 2nd, throwing error, E2 Pete Hutton to third 1-2: Foul Ball, location: 2F 1-2: Ball 2-2: Foul Ball, location: 2F 2-2: Ground out U3 (Groundball, 34, EV 102.5 MPH)
|
| Top of the 4th over - 0 runs, 0 hits, 1 error, 1 left on base; Bristol 0 - San Francisco (APP) 13 |
| BOTTOM OF THE 4TH |
|
San Francisco (APP) Giants batting - Pitching for Bristol Pirates : RHP Ronnie Brooks
|
|
Batting: RHB Alexis Andrade
|
0-0: Ground out 2-3 (Groundball, 2L, EV 75.0 MPH)
|
|
Batting: RHB Frank Pena
|
0-0: Ball 1-0: Ball 2-0: Ball 3-0: Called Strike 3-1: Base on Balls
|
|
Pitching: RHP Randy Nelligan
|
|
|
Batting: RHB Coen Dirks
|
0-0: Called Strike 0-1: Ball 1-1: 2-RUN HOME RUN (Flyball, 78XD, EV 109.4 MPH), Distance : 430 ft
|
|
Batting: RHB Edwin Verdugo
|
0-0: Called Strike 0-1: Ground out 6-3 (Groundball, 6, EV 92.5 MPH)
|
|
Batting: RHB Troy Trice
|
0-0: Ball 1-0: Called Strike 1-1: Foul Ball, location: 2F 1-2: Foul Ball, location: 2F 1-2: Ball 2-2: Foul Ball, location: 2F 2-2: DOUBLE (Line Drive, 7LM, EV 100.0 MPH)
|
|
Batting: RHB Brian Rogers
|
0-0: Ball 1-0: Foul Ball, location: 2F 1-1: SINGLE (Groundball, 6D, EV 101.2 MPH) Troy Trice to third Runner from 3rd tries for Home, SAFE, throw by LF to home
|
|
Batting: RHB Jason Gregor
|
0-0: Called Strike 0-1: Ball 1-1: Ball Wild Pitch! Brian Rogers to second 2-1: Ball 3-1: Called Strike 3-2: Base on Balls
|
|
Pitching: LHP Alfredo Carranza
|
|
|
Batting: RHB Ryan Bentz
|
0-0: Ball 1-0: Ball 2-0: Fielders Choice at 2nd, 6-4 (Groundball, 6, EV 87.5 MPH)
|
| Bottom of the 4th over - 3 runs, 3 hits, 0 errors, 2 left on base; Bristol 0 - San Francisco (APP) 16 |
| TOP OF THE 5TH |
|
Bristol Pirates batting - Pitching for San Francisco (APP) Giants : RHP Dan Giles
|
|
Batting: RHB Alain Marquet
|
0-0: Ball 1-0: Called Strike 1-1: Ground out 6-3 (Groundball, 6, EV 96.9 MPH)
|
|
Batting: RHB Rob Colley
|
0-0: Ball 1-0: Ball 2-0: Swinging Strike 2-1: Foul Ball, location: 2F 2-2: Ball 3-2: Strikes out swinging
|
|
Batting: RHB Erik Mulligan
|
0-0: SINGLE (Groundball, 6MD, EV 98.1 MPH)
|
|
Batting: SHB Don Hauk
|
0-0: Ball 1-0: Ball 2-0: Foul Ball, location: 2F 2-1: Swinging Strike 2-2: Strikes out swinging
|
| Top of the 5th over - 0 runs, 1 hit, 0 errors, 1 left on base; Bristol 0 - San Francisco (APP) 16 |
| BOTTOM OF THE 5TH |
|
San Francisco (APP) Giants batting - Pitching for Bristol Pirates : LHP Alfredo Carranza
|
|
Batting: RHB Bob Schweiger
|
0-0: Foul Ball, location: 2F 0-1: Foul Ball, location: 2F 0-2: Strikes out swinging
|
|
Batting: RHB Alexis Andrade
|
0-0: Ball 1-0: Called Strike 1-1: Swinging Strike 1-2: Ball 2-2: SOLO HOME RUN (Flyball, 7D, EV 97.5 MPH), Distance : 378 ft
|
|
Batting: RHB Frank Pena
|
0-0: Ball 1-0: Called Strike 1-1: Ball 2-1: Foul Ball, location: 2F 2-2: Foul Ball, location: 2F 2-2: Foul Ball, location: 2F 2-2: Strikes out looking
|
|
Batting: RHB Coen Dirks
|
0-0: Swinging Strike 0-1: Called Strike 0-2: Strikes out swinging
|
| Bottom of the 5th over - 1 run, 1 hit, 0 errors, 0 left on base; Bristol 0 - San Francisco (APP) 17 |
| TOP OF THE 6TH |
|
Bristol Pirates batting - Pitching for San Francisco (APP) Giants : RHP Dan Giles
|
|
Batting: LHB Randy Boone
|
0-0: Ball 1-0: Called Strike 1-1: Foul Ball, location: 2F 1-2: SINGLE (Groundball, 4MD, EV 100.6 MPH)
|
|
Batting: RHB Randy Bergman
|
0-0: Ball 1-0: Ball 2-0: Foul Ball, location: 2F 2-1: Foul Ball, location: 2F 2-2: Strikes out swinging
|
|
Batting: RHB Gilberto Victoria
|
0-0: Called Strike Randy Boone steals 2nd base (no throw) 0-1: Ground out 6-3 (Groundball, 6M, EV 99.4 MPH) Randy Boone to third
|
|
Batting: RHB Pete Hutton
|
0-0: Called Strike 0-1: Reached on error, E4 (Groundball, 4, EV 80.6 MPH) Randy Boone scores
|
|
Batting: RHB Frank Elizondo
|
0-0: Ball 1-0: Foul Ball, location: 2F 1-1: Foul Ball, location: 2F 1-2: Ball 2-2: Foul Ball, location: 2F 2-2: Foul Ball, location: 2F 2-2: Foul Ball, location: 2F 2-2: Strikes out swinging, 2-3 out at first.
|
| Top of the 6th over - 1 run, 1 hit, 1 error, 1 left on base; Bristol 1 - San Francisco (APP) 17 |
| BOTTOM OF THE 6TH |
|
San Francisco (APP) Giants batting - Pitching for Bristol Pirates : LHP Alfredo Carranza
|
|
Pitching: LHP Adam Clarke
|
|
|
Batting: RHB Edwin Verdugo
|
0-0: SINGLE (Groundball, 56S, EV 73.1 MPH) (infield hit)
|
|
Batting: RHB Troy Trice
|
0-0: Swinging Strike 0-1: Called Strike 0-2: Strikes out looking
|
|
Batting: RHB Brian Rogers
|
0-0: Hit by Pitch Edwin Verdugo to second
|
|
Batting: RHB Jason Gregor
|
0-0: Called Strike 0-1: Called Strike 0-2: Strikes out swinging
|
|
Batting: RHB Ryan Bentz
|
0-0: Hit by Pitch Edwin Verdugo to third Brian Rogers to second
|
|
Batting: RHB Bob Schweiger
|
0-0: Ball 1-0: Foul Ball, location: 2F 1-1: GRAND SLAM HOME RUN (Flyball, 78XD, EV 110.0 MPH), Distance : 430 ft
|
|
Pitching: RHP Otok Barleyfoot
|
|
|
Batting: RHB Alexis Andrade
|
0-0: Ball 1-0: Ball 2-0: Ball 3-0: Foul Ball, location: 2F 3-1: Hit by Pitch
|
|
Pinch Runner at 1st Billy Pranger:
|
|
|
Batting: RHB Frank Pena
|
0-0: Foul Ball, location: 2F 0-1: SINGLE (Flyball, 78S, EV 93.1 MPH) Billy Pranger to second
|
|
Batting: RHB Coen Dirks
|
0-0: Fly out, F8 (Flyball, 8LXD, EV 93.1 MPH)
|
| Bottom of the 6th over - 4 runs, 3 hits, 0 errors, 2 left on base; Bristol 1 - San Francisco (APP) 21 |
| TOP OF THE 7TH |
|
Bristol Pirates batting - Pitching for San Francisco (APP) Giants : RHP Dan Giles
|
|
Now at SS: Dave Putnam
|
|
|
Batting: RHB Alain Marquet
|
0-0: Called Strike 0-1: Ground out 6-3 (Groundball, 6S, EV 63.8 MPH)
|
|
Batting: RHB Rob Colley
|
0-0: Ball 1-0: Ball 2-0: Ball 3-0: Base on Balls
|
|
Pitching: RHP Jonathan Simi
|
|
|
Batting: RHB Erik Mulligan
|
0-0: Called Strike 0-1: Swinging Strike 0-2: Foul Ball, location: 2F 0-2: Strikes out swinging
|
|
Batting: SHB Don Hauk
|
0-0: Called Strike 0-1: Fly out, F8 (Flyball, 8LD, EV 96.2 MPH)
|
| Top of the 7th over - 0 runs, 0 hits, 0 errors, 1 left on base; Bristol 1 - San Francisco (APP) 21 |
| BOTTOM OF THE 7TH |
|
San Francisco (APP) Giants batting - Pitching for Bristol Pirates : RHP Otok Barleyfoot
|
|
Batting: RHB Edwin Verdugo
|
0-0: Ball 1-0: Foul Ball, location: 2F 1-1: SINGLE (Groundball, 3D, EV 103.8 MPH)
|
|
Batting: RHB Troy Trice
|
0-0: Fly out, F7 (Flyball, 78XD, EV 97.5 MPH)
|
|
Pinch Hitting: RHB Pedro Quezada
|
0-0: Ball 1-0: Swinging Strike 1-1: Fly out, F3 (Popup, 3L, EV 64.4 MPH)
|
|
Batting: RHB Jason Gregor
|
0-0: Foul Ball, location: 2F 0-1: Ball 1-1: Called Strike 1-2: DOUBLE (Line Drive, 9LS, EV 99.4 MPH) Edwin Verdugo to third
|
|
Batting: RHB Ryan Bentz
|
0-0: SINGLE (Line Drive, 6D, EV 96.2 MPH) Edwin Verdugo scores Jason Gregor to third Runner from 3rd tries for Home, SAFE, throw by CF to home
|
|
Batting: RHB Bob Schweiger
|
0-0: Foul Ball, location: 2F 0-1: Foul Ball, location: 2F 0-2: Strikes out swinging
|
| Bottom of the 7th over - 2 runs, 3 hits, 0 errors, 1 left on base; Bristol 1 - San Francisco (APP) 23 |
| TOP OF THE 8TH |
|
Bristol Pirates batting - Pitching for San Francisco (APP) Giants : RHP Jonathan Simi
|
|
Now at 1B: Pedro Quezada
|
|
|
Batting: LHB Randy Boone
|
0-0: Swinging Strike 0-1: Swinging Strike 0-2: Strikes out looking
|
|
Batting: RHB Randy Bergman
|
0-0: Called Strike 0-1: Ground out U3 (Groundball, 3, EV 78.8 MPH)
|
|
Batting: RHB Gilberto Victoria
|
0-0: Called Strike 0-1: Called Strike 0-2: Ball 1-2: Strikes out swinging
|
| Top of the 8th over - 0 runs, 0 hits, 0 errors, 0 left on base; Bristol 1 - San Francisco (APP) 23 |
| BOTTOM OF THE 8TH |
|
San Francisco (APP) Giants batting - Pitching for Bristol Pirates : RHP Otok Barleyfoot
|
|
Batting: RHB Dave Putnam
|
0-0: Ball 1-0: Ball 2-0: Called Strike 2-1: Swinging Strike 2-2: Strikes out swinging
|
|
Batting: RHB Frank Pena
|
0-0: Ball 1-0: Foul Ball, location: 2F 1-1: Hit by Pitch
|
|
Batting: RHB Coen Dirks
|
0-0: Called Strike 0-1: Foul Ball, location: 2F 0-2: Ball 1-2: Ball 2-2: Ball 3-2: Foul Ball, location: 2F 3-2: Foul Ball, location: 2F 3-2: Foul Ball, location: 2F 3-2: Base on Balls Frank Pena to second
|
|
Batting: RHB Edwin Verdugo
|
0-0: Fielders Choice at 2nd, 5-4 (Groundball, 5, EV 103.8 MPH) Frank Pena to third
|
|
Batting: RHB Troy Trice
|
0-0: Called Strike 0-1: Fielders Choice at 2nd, 5-4 (Groundball, 56, EV 101.2 MPH)
|
| Bottom of the 8th over - 0 runs, 0 hits, 0 errors, 2 left on base; Bristol 1 - San Francisco (APP) 23 |
| TOP OF THE 9TH |
|
Bristol Pirates batting - Pitching for San Francisco (APP) Giants : RHP Jonathan Simi
|
|
Batting: RHB Pete Hutton
|
0-0: SINGLE (Line Drive, 78M, EV 111.2 MPH)
|
|
Batting: RHB Frank Elizondo
|
0-0: Foul Ball, location: 2F 0-1: Swinging Strike 0-2: Strikes out swinging
|
|
Batting: RHB Alain Marquet
|
0-0: Ball 1-0: Called Strike 1-1: Called Strike 1-2: Foul Ball, location: 2F 1-2: Strikes out looking
|
|
Batting: RHB Rob Colley
|
0-0: Ball Wild Pitch! Pete Hutton to second 1-0: Called Strike 1-1: Called Strike 1-2: Strikes out swinging
|
| Top of the 9th over - 0 runs, 1 hit, 0 errors, 1 left on base; Bristol 1 - San Francisco (APP) 23 |
|